 Dungeon Crawl Stone Soup version 0.29-a0-892-g2c4c91d9db (webtiles) character file.

Game seed: 712394910962854249

3422 Pooter the Cleaver (level 9, 0/82 HPs)
             Began as a Minotaur Gladiator on July 22, 2022.
             Was a Priest of Okawaru.
             Killed from afar by an electric eel (10 damage)
             ... with a bolt of electricity
             ... on level 8 of the Dungeon.
             The game lasted 00:40:43 (7679 turns).

Pooter the Cleaver (Minotaur Gladiator)             Turns: 7679, Time: 00:40:44

Health: 0/82       AC: 12    Str: 20    XL:     9   Next: 76%
Magic:  20/20      EV:  9    Int:  7    God:    Okawaru [***...]
Gold:   499        SH:  0    Dex: 13    Spells: 7/8 levels left

rFire   . . .      SeeInvis .   b - +0 shortbow
rCold   + . .      Faith    .   (shield currently unavailable)
rNeg    . . .      Spirit   .   N - +0 plate armour
rPois   .          Reflect  .   c - +0 hat
rElec   .          Harm     .   (no cloak)
rCorr   .          Rampage  .   (no gloves)
Will    .....                   (no boots)
Stlth   ..........              y - amulet of regeneration
HPRegen 1.03/turn               n - ring of magical power
MPRegen 0.17/turn               I - ring of protection from cold

@: heroic
A: horns 2, retaliatory headbutt
a: Renounce Religion, Heroism


You were on level 8 of the Dungeon.
You worshipped Okawaru.
Okawaru was most pleased with you.
You visited 2 branches of the dungeon, and saw 9 of its levels.

You collected 499 gold pieces.

Inventory:

Hand Weapons
 a - a +4 battleaxe of electrocution
   (You acquired it on level 2 of the Dungeon)
 b - a +0 shortbow (weapon)
   (You took it off a centaur on level 8 of the Dungeon)
 e - a +1 flail of holy wrath
   (You took it off an orc priest on level 3 of the Dungeon)
 l - a +0 war axe
 J - a +1 trident of freezing
   (You found it on level 7 of the Dungeon)
 L - a +3 morningstar of freezing
   (You took it off a wight on level 7 of the Dungeon)
Missiles
 s - a javelin
 u - 16 poisoned darts
 H - 2 datura-tipped darts
 M - 3 boomerangs
 O - 2 throwing nets {!f}
 Q - 37 stones
Armour
 c - a +0 hat (worn)
 j - an orb of light
   (You found it on level 1 of the Dungeon)
 N - a +0 plate armour (worn)
   (You found it on level 7 of the Dungeon)
Jewellery
 n - a ring of magical power (left hand)
   (You found it on level 4 of the Dungeon)
 y - an amulet of regeneration (around neck)
   (You took it off a goblin on level 4 of the Dungeon)
 C - a ring of resist corrosion
   (You found it on level 6 of the Dungeon)
 I - a ring of protection from cold (right hand)
   (You found it on level 5 of the Dungeon)
Wands
 d - a wand of iceblast (1)
   (You found it on level 7 of the Dungeon)
 x - a wand of acid (7)
   (You found it on level 8 of the Dungeon)
 D - a wand of digging (3)
   (You found it on level 7 of the Dungeon)
Scrolls
 f - 2 scrolls of amnesia
 h - a scroll of vulnerability {!r}
 i - 2 scrolls of noise {!r}
 o - 4 scrolls of enchant armour
 r - a scroll of summoning
 t - 5 scrolls of teleportation {@r4}
 G - a scroll of immolation {!r}
 K - a scroll of brand weapon {unknown}
 P - a scroll of blinking {unknown}
 R - a scroll of fog {unknown}
Potions
 k - 3 potions of ambrosia
 m - a potion of degeneration {unknown}
 p - a potion of berserk rage {unknown}
 q - 4 potions of haste {unknown}
 v - a potion of curing {unknown}
 w - 3 potions of brilliance
 z - 2 potions of attraction {unknown}
 A - 2 potions of might {unknown}
 B - a potion of mutation {unknown}
 E - a potion of cancellation {unknown}
 F - 3 potions of lignification {unknown}


   Skills:
 + Level 8.4(13.4) Fighting
 * Level 11.9(16.9) Axes
 * Level 3.0(8.0) Ranged Weapons
 - Level 2.3(7.3) Throwing
 - Level 3.5(8.5) Dodging
 - Level 2.7 Translocations
 + Level 4.9 Invocations
 + Level 1.3 Evocations


You had 7 spell levels left.
You knew the following spells:

 Your Spells              Type           Power      Damage    Failure   Level
c - Apportation           Tloc           6%         N/A       98%         1

Your spell library contained the following spells:

 Spells                   Type           Power      Damage    Failure   Level
 Magic Dart               Conj           0%         1d3       100%        1
 Necrotise                Necr           0%         1d4       100%        1
 Searing Ray              Conj           0%         2d4       100%        2
 Fulminant Prism          Conj/Hex       0%         3d6       100%        4
 Alistair's Intoxication  Tmut/Pois      0%         N/A       100%        5
 Borgnjor's Vile Clutch   Necr/Erth      0%         N/A       100%        5
 Eringya's Noxious Bog    Tmut/Pois      0%         N/A       100%        6
 Summon Small Mammal      Summ           Unusable   N/A       N/A         1

Dungeon Overview and Level Annotations

Branches:
Dungeon (8/15)             Temple (1/1) D:4
   Lair: D:8-11

Altars:
Ashenzari
Cheibriados
Elyvilon
Fedhas
Gozag
Hepliaklqana
Kikubaaqudgha
Makhleb
Okawaru
Qazlal
Ru
Sif Muna
Trog
Uskayaw
Vehumet
Wu Jian
Xom
Yredelemnul
Zin
The Shining One

Shops:
D:1 (


Innate Abilities, Weirdness & Mutations

You have a pair of horns on your head.
You reflexively headbutt those who attack you in melee.


Message History

The mass of ice explodes!
The iceblast engulfs the electric eel!
You kill the electric eel!
Okawaru accepts your kill.
The iceblast engulfs the plant!
The plant begins to die.
An electric eel comes into view.
Your base Ranged Weapons skill increases to level 3!
Your +4 battleaxe of electrocution stops crackling.
b - a +0 shortbow (weapon)
You are too injured to fight recklessly!
Fire: b) +0 shortbow
Aim: an electric eel (water, 54% to hit)
You shoot an arrow. The arrow hits the electric eel!
An electric eel comes into view.
The electric eel shoots out a bolt of lightning at you!
The bolt of electricity hits you!
* * * LOW HITPOINT WARNING * * *
The electric eel shoots out a bolt of lightning at you!
The bolt of electricity hits the electric eel.
The electric eel completely resists.
The bolt of electricity hits you.
* * * LOW HITPOINT WARNING * * *
A nearby plant withers and dies.
An electric eel comes into view.
The electric eel shoots out a bolt of lightning at you!
The bolt of electricity hits you!
* * * LOW HITPOINT WARNING * * *
The electric eel shoots out a bolt of lightning at you!
The bolt of electricity misses you.
The electric eel shoots out a bolt of lightning at you!
The bolt of electricity hits the electric eel.
The electric eel completely resists.
The bolt of electricity hits you!
* * * LOW HITPOINT WARNING * * *
Unknown command.
As you read the scroll labelled GUAFYTYASI, it crumbles to dust.
You hear a loud clanging noise!
It was a scroll of noise.
The electric eel shoots out a bolt of lightning at you!
The bolt of electricity hits the electric eel.
The electric eel completely resists.
The bolt of electricity hits you!
* * * LOW HITPOINT WARNING * * *
You feel much better.
The electric eel shoots out a bolt of lightning at you!
The bolt of electricity hits you!
* * * LOW HITPOINT WARNING * * *
The electric eel shoots out a bolt of lightning at you!
The bolt of electricity hits the electric eel.
The electric eel completely resists.
The bolt of electricity hits you!
* * * LOW HITPOINT WARNING * * *
The electric eel shoots out a bolt of lightning at you!
The bolt of electricity hits you!
You die...

#.P≈≈≈≈.≈.≈.........P≈≈≈≈
...♣.≈.≈≈≈≈.........≈≈♣P≈≈≈≈≈
..#......P.^........≈P≈≈≈≈≈≈≈
..##.....###........♣♣≈≈≈≈≈≈≈
..######+###........♣ ≈≈≈≈≈
....................♣♣♣≈≈≈≈≈≈
.....................≈♣≈≈≈SS≈
.....................♣S≈SS≈≈≈
................@....≈♣≈♣
...........)..######.♣♣ P
..............# #..♣
.............[# ##..♣
.............## #.♣
#...#######..# .. ##### #..##
#.. ###########...# #..
)...........>.#####


You could see an electric eel.

Vanquished Creatures
  A hornet (D:7)
  A steam dragon (D:8)
  3 water moccasins
  An orc warrior (D:7)
  3 black bears (D:6)
  An ice beast (D:7)
  An ogre (D:4)
  3 centaurs (D:8)
  3 phantoms
  A kobold brigand (D:8)
  2 bullfrogs
  A scorpion (D:6)
  7 wights
  3 killer bees (D:8)
  7 electric eels
  A howler monkey (D:6)
  2 jellies
  5 orc priests
  A gnoll bouda (D:7)
  3 hounds
  4 iguanas (D:5)
  An orc wizard (D:7)
  5 gnolls
  9 adders
  3 shadow imps
  3 white imps
  2 ufetubi
  3 worms
  3 dart slugs
  15 orcs
  5 bats
  6 endoplasms
  3 giant cockroaches
  11 goblins
  3 hobgoblins
  7 jackals
  A quokka (D:1)
  2 ball pythons (D:1)
  3 frilled lizards
  8 kobolds
  7 rats
  A butterfly (D:4)
155 creatures vanquished.

Vanquished Creatures (others)
  28 plants (D:8)
28 creatures vanquished.

Grand Total: 183 creatures vanquished

Notes
Turn   | Place    | Note
-------+----------+-------------------------------------------
     0 | D:1      | Pooter the Minotaur Gladiator began the quest for the Orb.
     0 | D:1      | Reached XP level 1. HP: 18/18 MP: 0/0
   140 | D:1      | Found Fynuzeq's Antique Weapon Boutique.
   875 | D:1      | Found a faded altar of an unknown god.
   878 | D:1      | Reached XP level 2. HP: 25/25 MP: 1/1
   883 | D:1      | Reached skill level 4 in Axes
   929 | D:1      | Prayed at the altar of an unknown god.
   929 | D:1      | Became a worshipper of the Shining One
   929 | D:1      | Reached * piety under the Shining One
  1123 | D:2      | Found an ancient bone altar of Kikubaaqudgha.
  1177 | D:2      | Identified a scroll of acquirement
  1178 | D:2      | Acquired a +2 battleaxe of electrocution
  1309 | D:2      | Learned a level 1 spell: Apportation
  1315 | D:2      | Reached XP level 3. HP: 30/30 MP: 2/2
  1546 | D:2      | Reached XP level 4. HP: 38/38 MP: 3/3
  1945 | D:3      | Reached skill level 5 in Axes
  2015 | D:3      | Noticed a phantom
  2038 | D:3      | Reached skill level 1 in Translocations
  2040 | D:3      | Killed a phantom
  2041 | D:3      | Reached XP level 5. HP: 39/46 MP: 4/4
  2134 | D:3      | Found a hide-covered altar of Uskayaw.
  2506 | D:4      | Reached skill level 6 in Axes
  2641 | D:4      | Noticed a water moccasin
  2648 | D:4      | Killed a water moccasin
  2649 | D:4      | Reached XP level 6. HP: 34/53 MP: 2/5
  3177 | D:4      | Found a broken altar of Ashenzari.
  3459 | D:4      | Found a staircase to the Ecumenical Temple.
  3745 | D:5      | Entered Level 5 of the Dungeon
  3827 | Temple   | Entered the Ecumenical Temple
  3923 | Temple   | Fell from the grace of the Shining One
  3927 | Temple   | Became a worshipper of Warmaster Okawaru
  3989 | D:5      | Reached skill level 7 in Axes
  4062 | D:5      | Reached XP level 7. HP: 46/60 MP: 6/6
  4166 | D:5      | Reached skill level 5 in Fighting
  4873 | D:6      | Reached skill level 8 in Axes
  4880 | D:6      | Reached * piety under Okawaru
  4929 | D:6      | Reached skill level 1 in Invocations
  4943 | D:6      | Reached XP level 8. HP: 66/70 MP: 8/8
  5082 | D:6      | Reached skill level 9 in Axes
  5697 | D:7      | Noticed a hornet
  5705 | D:7      | Killed a hornet
  5817 | D:7      | Reached skill level 10 in Axes
  5824 | D:7      | Reached ** piety under Okawaru
  5899 | D:7      | Reached XP level 9. HP: 75/79 MP: 10/10
  6548 | D:7      | Reached skill level 11 in Axes
  6945 | D:8      | Reached skill level 1 in Ranged Weapons
  7170 | D:8      | Reached *** piety under Okawaru
  7385 | D:8      | Reached skill level 1 in Evocations
  7675 | D:8      | HP: 3/82 [electric eel/bolt of electricity (7)]
  7679 | D:8      | Killed from afar by an electric eel

Illustrated notes

Levels and vault maps discovered:
D:1:      dpeg_arrival_tiny_h, layout_basic, serial_shops,
          nicolae_shop_advertising_works [nicolae_subvault_shop_adworks],
          basic_ecumenical_altar
D:2:      layout_loops_ring, basic_altar
D:3:      layout_rooms, lemuel_round_altar
D:4:      layout_layer_cave, lemuel_tele_altar, minmay_temple_entry_butterflies
D:5:      layout_loops_ring, ebering_dispersal_statue_hall, grunt_ministairs_1
D:6:      layout_loops_ring, minmay_door_square, nrook_pool_corridor
D:7:      minmay_razor_zed, layout_basic
D:8:      layout_basic, serial_bayou, serial_bayou_shore_a, serial_bayou_pond_e,
          serial_bayou_lake_a, serial_bayou_pond_b, serial_bayou_pond_b,
          serial_bayou_lagoon_a, roderic_batcave
Temple:   mainiacjoe_temple_coin_purse

Skill      XL: |  1  2  3  4  5  6  7  8  9 |
---------------+----------------------------+-----
Axes           | 4 5 6 7 8 10 11 | 11.9
Fighting       | 3 4 6 7 8 |  8.4
Translocations | 1 2 |  2.7
Invocations    | 1 3 4 |  4.9
Ranged Weapons | 3 |  3.0
Evocations     | 1 |  1.3
Throwing       | |  2.3
Dodging        | |  3.5

Action                   |  1- 3 |  4- 6 |  7- 9 || total
-------------------------+-------+-------+-------++-------
Melee: War axe           |    34 |       |       ||    34
       Headbutt          |     7 |     8 |    26 ||    41
       Battleaxe         |     8 |    72 |   150 ||   230
 Fire: Shortbow          |       |       |    31 ||    31
Throw: Throwing net      |     2 |       |       ||     2
       Javelin           |       |     1 |       ||     1
       Dart              |       |     7 |     5 ||    12
Invok: Divine Shield     |       |     2 |       ||     2
       Renounce Religion |       |     1 |       ||     1
       Heroism           |       |       |     7 ||     7
Evoke: Wand              |       |       |     6 ||     6
  Use: Scroll            |     6 |     3 |     7 ||    16
       Potion            |       |       |     2 ||     2
 Stab: Sleeping          |     1 |       |       ||     1
Armor: Leather armour    |    14 |     6 |       ||    20
       Chain mail        |       |     7 |    38 ||    45
       Plate armour      |       |       |    39 ||    39
Dodge: Dodged            |    35 |    34 |    71 ||   140
Block: Other             |       |     3 |       ||     3

Table legend: (Time is in decaauts)
 A = Elapsed time spent in this place.
 B = Non-inter-level travel time spent in this place.
 C = Inter-level travel time spent in this place.
 D = Time resting spent in this place.
 E = Time spent auto-exploring this place.
 F = Levels seen in this place.
 G = Mean time per level.
                   A        B        C        D        E       F      G
               +--------+--------+--------+--------+--------+-----+--------+
         Total |   7777 |   7529 |    248 |    705 |   5408 |   9 |  864.1 |
       Dungeon |   7663 |   7428 |    235 |    705 |   5328 |   8 |  957.9 |
        Temple |    113 |    101 |     12 |      0 |     80 |   1 |  113.0 |
               +--------+--------+--------+--------+--------+-----+--------+

Top non-repeatable levels by time:
     D:4: 1319 daAuts
     D:7: 1144 daAuts
     D:1: 1107 daAuts
     D:5: 961 daAuts
     D:8: 947 daAuts
     D:2: 836 daAuts
     D:6: 771 daAuts
     D:3: 576 daAuts
  Temple: 113 daAuts
